 Dungeon Crawl Stone Soup version 0.29-a0-384-g6960b1960d (webtiles) character file.

Game seed: 8804490376255562282

109 happo123 the Bolt Thrower (level 4, -1/38 HPs)
             Began as a Minotaur Hunter on May 7, 2022.
             Slain by a gnoll
             ... wielding a +0 spear
              (4 damage)
             ... on level 3 of the Dungeon.
             The game lasted 00:16:39 (2035 turns).

happo123 the Bolt Thrower (Minotaur Hunter)         Turns: 2035, Time: 00:16:41

Health: -1/38      AC:  4    Str: 20 (22) XL:     4   Next: 59%
Magic:  3/3        EV: 12    Int:  3 (6)  God:
Gold:   53         SH:  0    Dex: 12 (15) Spells: 3/3 levels left

rFire   . . .      SeeInvis .   q - +0 triple crossbow
rCold   . . .      Faith    .   (shield currently unavailable)
rNeg    . . .      Spirit   .   b - +0 leather armour
rPois   .          Reflect  .   (helmet restricted)
rElec   .          Harm     .   (no cloak)
rCorr   .          Rampage  .   d - +0 pair of gloves
Will    .....                   (no boots)
Stlth   +.........              (no amulet)
HPRegen 0.12/turn               i - +6 ring of strength
MPRegen 0.08/turn               (no ring)

@: no status effects
A: horns 2, retaliatory headbutt
a: no special abilities


You were on level 3 of the Dungeon.
You visited 1 branch of the dungeon, and saw 3 of its levels.

You collected 79 gold pieces.
You spent 26 gold pieces at shops.

Inventory:

Hand Weapons
 a - a +1 hand crossbow
 h - a +0 hand axe
 j - a +2 flail of protection
 q - a +0 triple crossbow (weapon)
Missiles
 e - 3 silver boomerangs
Armour
 b - a +0 leather armour (worn)
 d - a +0 pair of gloves (worn)
Jewellery
 i - a +6 ring of strength (left hand)
Scrolls
 c - a scroll of immolation
 f - 3 scrolls of magic mapping
 g - 2 scrolls of identify
 l - a scroll of teleportation {unknown}
 p - a scroll of noise {unknown}
 r - a scroll of vulnerability {unknown}
Potions
 k - 2 potions of heal wounds {unknown}
 m - 2 potions of degeneration
 n - 2 potions of attraction
 o - 2 potions of flight {unknown}
 s - a potion of ambrosia {unknown}


   Skills:
 + Level 3.0 Fighting
 + Level 0.2 Maces & Flails
 + Level 6.0 Crossbows
 + Level 0.9 Armour
 + Level 2.5 Dodging
 + Level 1.0 Stealth


You had 3 spell levels left.
You didn't know any spells.
Your spell library contained the following spells:

 Spells                   Type           Power      Damage    Failure   Level
 Animate Skeleton         Necr           0%         N/A       58%         1
 Apportation              Tloc           0%         N/A       58%         1
 Summon Small Mammal      Summ           0%         N/A       58%         1


Dungeon Overview and Level Annotations

Branches:
Dungeon (3/15)

Altars:
Xom

Shops:
D:2 ??(*(


Innate Abilities, Weirdness & Mutations

You have a pair of horns on your head.
You reflexively headbutt those who attack you in melee.


Message History

The gnoll is moderately wounded.
Shoot: q) +0 triple crossbow
Press: ? - help, Q - select action, (/) - cycle Shift-Dir - straight line, f - gnoll, p - gnoll
Aim: a gnoll, wielding a +0 spear (61% to hit)
You shoot a bolt. The bolt hits the gnoll!
The gnoll is heavily wounded.
The gnoll hits you but does no damage.
The gnoll hits you from afar with a +0 halberd.
The gnoll misses you.
Shoot: q) +0 triple crossbow
Press: ? - help, Q - select action, (/) - cycle Shift-Dir - straight line, f - gnoll, p - gnoll
Aim: a gnoll, wielding a +0 halberd (moderately wounded, 61% to hit)
You shoot a bolt. The bolt barely misses the gnoll.
Shoot: q) +0 triple crossbow
Press: ? - help, Q - select action, (/) - cycle Shift-Dir - straight line, f - gnoll, p - gnoll
Aim: a gnoll, wielding a +0 spear (heavily wounded, 61% to hit)
You shoot a bolt. The bolt barely misses the gnoll.
The bolt hits the gnoll!!
You kill the gnoll!
The gnoll hits you from afar with a +0 spear. x2
Shoot: q) +0 triple crossbow
Press: ? - help, Q - select action, (/) - cycle Shift-Dir - straight line, f/p - gnoll
Aim: a gnoll, wielding a +0 spear (heavily wounded, 61% to hit)
You shoot a bolt. The bolt barely misses the gnoll.
The bolt hits the gnoll.
The gnoll is moderately wounded.
The gnoll hits you from afar with a +0 spear.
* * * LOW HITPOINT WARNING * * *
The gnoll hits you from afar with a +0 spear.
* * * LOW HITPOINT WARNING * * *
It was a potion of degeneration.
There was something very wrong with that liquid.
You feel weakened.
You feel dopey.
You feel clumsy.
The gnoll hits you from afar with a +0 spear.
* * * LOW HITPOINT WARNING * * *
Shoot: q) +0 triple crossbow
Press: ? - help, Q - select action, (/) - cycle Shift-Dir - straight line, f/p - gnoll
Aim: a gnoll, wielding a +0 spear (heavily wounded, 60% to hit)
You shoot a bolt. The bolt hits the gnoll.
The gnoll is severely wounded.
The gnoll hits you from afar with a +0 spear.
You die...

...# ##.###
####...###### ......
#)..g.....#.. .....##
#.###.###.#.# #.....#
#g# # #.#.# #....### #.#
#.###.#.####....... #.#
#...............#
#.#######.#.###.....#
#..g.g.@..#........####.
################........
#..........#####
#.#######..# #.# #..#
#.# #####..## #####.#
#.......#### ##...#.#
#.###...<...
#......###.###...####


You could see 2 gnolls.

Vanquished Creatures
  Jessica (D:2)
  A gnoll (D:3)
  2 worms
  A dart slug (D:2)
  8 orcs (D:3)
  4 ball pythons
  4 bats
  5 endoplasms
  A giant cockroach (D:2)
  4 goblins
  6 hobgoblins
  4 quokkas
  3 frilled lizards
  3 kobolds
  6 rats
53 creatures vanquished.

Notes
Turn   | Place    | Note
-------+----------+-------------------------------------------
     0 | D:1      | happo123 the Minotaur Hunter began the quest for the Orb.
     0 | D:1      | Reached XP level 1. HP: 18/18 MP: 0/0
   177 | D:1      | Reached XP level 2. HP: 19/25 MP: 1/1
   242 | D:1      | Reached skill level 5 in Crossbows
   849 | D:2      | Found Lownokia's Antique Weapon Shoppe.
   859 | D:2      | Noticed Jessica
   868 | D:2      | Killed Jessica
   869 | D:2      | Reached XP level 3. HP: 30/30 MP: 2/2
   930 | D:2      | Found Tiarph's Assorted Antiques.
  1000 | D:2      | Found Yxeghyl's Magic Scroll Emporium.
  1020 | D:2      | Bought a scroll of identify for 26 gold pieces
  1022 | D:2      | Found Jicataf's Magic Scroll Shoppe.
  1045 | D:2      | Found a shimmering altar of Xom.
  1136 | D:2      | Reached skill level 1 in Stealth
  1141 | D:2      | Reached XP level 4. HP: 37/37 MP: 3/3
  1249 | D:2      | Found Xiuxadd's Weapon Boutique.
  1959 | D:3      | Reached skill level 6 in Crossbows
  2026 | D:3      | HP: 1/38 [gnoll/+0 spear (4)]
  2035 | D:3      | Slain by a gnoll

Illustrated notes

Levels and vault maps discovered:
D:1:      wheals_arrival_linesprint, layout_loops_ring, minmay_box_of_dots
D:2:      layout_basic, basic_altar, serial_shops, shop_fountains, shop, shop,
          nicolae_shop_temple_entry_statues_fountains,
          nicolae_shop_bloodbath_and_beyond, uniq_jessica
D:3:      layout_loops_corners, hellmonk_ghost_happy_afterlife

Skill      XL: |  1  2  3  4 |
---------------+-------------+-----
Crossbows      | 5 6 |  6.0
Stealth        | 1 |  1.0
Fighting       | 3 |  3.0
Maces & Flails | |  0.2
Armour         | |  0.9
Dodging        | |  2.5

Action                   |  1- 3 |  4- 6 || total
-------------------------+-------+-------++-------
Melee: Flail             |    18 |     3 ||    21
       Headbutt          |     2 |       ||     2
 Fire: Hand crossbow     |    65 |     3 ||    68
       Triple crossbow   |       |    35 ||    35
  Use: Scroll            |     2 |       ||     2
       Potion            |       |     1 ||     1
Armor: Leather armour    |    13 |    10 ||    23
Dodge: Dodged            |    19 |    25 ||    44

Table legend: (Time is in decaauts)
 A = Elapsed time spent in this place.
 B = Non-inter-level travel time spent in this place.
 C = Inter-level travel time spent in this place.
 D = Time resting spent in this place.
 E = Time spent auto-exploring this place.
 F = Levels seen in this place.
 G = Mean time per level.
                   A        B        C        D        E       F      G
               +--------+--------+--------+--------+--------+-----+--------+
         Total |   2089 |    897 |   1192 |    266 |    329 |   3 |  696.3 |
       Dungeon |   2089 |    897 |   1192 |    266 |    329 |   3 |  696.3 |
               +--------+--------+--------+--------+--------+-----+--------+

Top non-repeatable levels by time:
     D:1: 853 daAuts
     D:3: 650 daAuts
     D:2: 584 daAuts
